 Dungeon Crawl Stone Soup version 0.21.1-1-g345015f (webtiles) character file.

60 prawnwizard the Shield-Bearer (level 4, 0/36 HPs)
             Began as a Formicid Fighter on July 2, 2018.
             Slain by a gnoll
             ... wielding a +0 spear
              (2 damage)
             ... on level 2 of the Dungeon.
             The game lasted 00:01:39 (932 turns).

prawnwizard the Shield-Bearer (Formicid Fighter)     Turns: 932, Time: 00:01:39

Health: 0/36       AC:  6    Str: 21    XL:     4   Next: 24%
Magic:  4/4        EV:  4    Int:  8    God:
Gold:   64         SH:  0    Dex: 10    Spells: 3/3 levels left

rFire    . . .     SeeInvis +   a - +0 war axe
rCold    . . .     Gourm    .   c - +0 shield
rNeg     . . .     Faith    .   b - +0 scale mail
rPois    .         Spirit   .   (helmet unavailable)
rElec    .         Reflect  .   (no cloak)
rCorr    .         Harm     .   (no gloves)
MR       .....                  (no boots)
Stlth    ..........             (no amulet)
HPRegen  0.12/turn              (no ring)
MPRegen  0.09/turn              (no ring)

@: held
A: permanent stasis, dig shafts and tunnels, four strong arms, antennae 3
a: Dig, Shaft Self


You were on level 2 of the Dungeon.
You were not hungry.

You visited 1 branch of the dungeon, and saw 2 of its levels.

You collected 64 gold pieces.

Inventory:

Hand Weapons
 a - a +0 war axe (weapon)
Armour
 b - a +0 scale mail (worn)
 c - a +0 shield (worn)
Scrolls
 e - 3 scrolls of enchant armour {unknown}
 h - 2 scrolls of remove curse {unknown}
 i - 2 scrolls of identify {unknown}
 j - a scroll of teleportation {unknown}
 l - 2 scrolls of magic mapping {unknown}
Potions
 d - a potion of might
 k - a potion of brilliance {unknown}
Comestibles
 f - 3 rations
 g - 2 chunks of flesh


   Skills:
 + Level 3.6 Fighting
 * Level 2.9 Axes
 + Level 3.6 Armour
 * Level 0.9 Dodging
 + Level 4.2 Shields


You had 3 spell levels left.
You didn't know any spells.

Dungeon Overview and Level Annotations

Branches:
Dungeon (2/15)

Altars:


Innate Abilities, Weirdness & Mutations

You cannot be hasted, slowed, berserked, paralysed or teleported.
You can dig through walls and to a lower floor.
Your four strong arms can wield two-handed weapons with a shield.
You have a pair of large antennae on your head. (SInv)


Message History

You are too injured to fight recklessly!
You block the gnoll's attack. The goblin barely misses you.
You slash the goblin!
You kill the goblin!
The gnoll hits you from afar with a spear.
* * * LOW HITPOINT WARNING * * *
The gnoll throws a throwing net.
The throwing net hits you.
You become entangled in the net!
You see here a throwing net.
You struggle against the net.
The gnoll hits you from afar with a spear.
* * * LOW HITPOINT WARNING * * *
You struggle against the net.
The gnoll hits you from afar with a spear.
* * * LOW HITPOINT WARNING * * *
You struggle against the net.
The gnoll hits you but does no damage. The gnoll completely misses you.
You struggle against the net.
The gnoll hits you from afar with a spear.
You die...

....##..... #......[...
#..#...... #......... ##......#
##...g...# #######
.#..#####†.#..g..# #.....#
..........##..w..########.....#
......).......g.@.............#
...........##.....#####.....<.#
...........####...# #..#.....#
............# ##..####.##.....#
..........#..# #.........######
..........##.####........#
..........##....#........#
#..........# ###........#


You could see a worm and 3 gnolls.

Vanquished Creatures
  A gnoll (D:2)
  A dart slug (D:1)
  2 bats
  2 giant cockroaches (D:1)
  6 goblins
  5 hobgoblins (D:1)
  8 jackals (D:1)
  3 ball pythons (D:1)
  A frilled lizard (D:2)
  7 kobolds (D:1)
  6 rats (D:1)
42 creatures vanquished.

Notes
Turn   | Place    | Note
-------+----------+-------------------------------------------
     0 | D:1      | prawnwizard the Formicid Fighter began the quest for the Orb.
     0 | D:1      | Reached XP level 1. HP: 18/18 MP: 1/1
    56 | D:1      | Reached XP level 2. HP: 22/24 MP: 2/2
   106 | D:1      | Reached skill level 4 in Shields
   221 | D:1      | Reached XP level 3. HP: 29/29 MP: 3/3
   784 | D:1      | Reached XP level 4. HP: 35/35 MP: 4/4
   932 | D:2      | Slain by a gnoll

Skill      XL: |  1  2 |
---------------+-------+-----
Shields        | 4 |  4.2
Fighting       | |  3.6
Axes           | |  2.9
Armour         | |  3.6
Dodging        | |  0.9

Action                   |  1- 3 |  4- 6 || total
-------------------------+-------+-------++-------
Melee: War axe           |   102 |    11 ||   113
Armor: Scale mail        |    41 |    12 ||    53
Dodge: Dodged            |    39 |     8 ||    47
Block: Shield            |    63 |    13 ||    76
